[ AOE2 MATCH · #513809988 ]
UnrankedCelts vs Burmese
Player's team · WIN
Rival team · LOSS
[ REPLAY ANALYSIS · EXTRACTED FROM THE RECORDED GAME ]
Feudal
8:50
Castle
—
Imperial
—
| APM avg | 77.8 |
| APM peak | 92 |
| eAPM avg | 28.7 |
| Villagers / military | 20 / 5 |
Focus
⚔️ 41.9% · 🌾 58.1%
Militia ×5
Feudal
9:16
Castle
—
Imperial
—
| APM avg | 50.7 |
| APM peak | 83 |
| eAPM avg | 27.7 |
| Villagers / military | 24 / 0 |
Focus
⚔️ 45.3% · 🌾 54.7%
Match map
Initial resources + every placement click. Lines = walls · curves = elevation contours. ◆ gold · ⬟ stone · ● berries · ✦ relic · ◌ wall gap
Your base
Scaramanzia's base
Smoothed initial terrain · ◌ = detected wall gap · hover for details
Inputs per minute
— Oni.TheViper - - Scaramanzia
Build order — Oni.TheViper
46 actions detected in the replay
| 0:00 | Queue | Villager (Male) |
| 0:00 | Queue | Villager (Male) |
| 0:02 | Build | House |
| 0:02 | Build | House |
| 0:06 | Queue | Villager (Male) |
| 0:12 | Queue | Villager (Male) |
| 1:22 | Queue | Villager (Male) |
| 1:52 | Queue | Villager (Male) |
| 2:12 | Queue | Villager (Male) |
| 2:25 | Build | Lumber Camp |
| 2:44 | Queue | Villager (Male) |
| 3:00 | Queue | Villager (Male) |
| 3:19 | Queue | Villager (Male) |
| 3:24 | Build | House |
| 3:55 | Queue | Villager (Male) |
| 3:56 | Queue | Villager (Male) |
| 4:17 | Queue | Villager (Male) |
| 4:40 | Queue | Villager (Male) |
| 5:05 | Queue | Villager (Male) |
| 5:06 | Queue | Villager (Male) |
| 5:30 | Queue | Villager (Male) |
| 5:36 | Build | Barracks |
| 5:49 | Research | Loom |
| 6:16 | Build | House |
| 6:36 | Research | Feudal Age |
| 6:36 | Research | Feudal Age |
| 6:39 | Queue | Militia |
| 6:50 | Build | House |
| 6:51 | Queue | Militia |
| 7:09 | Build | Mining Camp |
| 7:26 | Build | House |
| 7:27 | Build | Palisade Wall |
| 7:44 | Queue | Militia |
| 7:44 | Queue | Militia |
| 7:48 | Queue | Villager (Male) |
| 8:17 | Queue | Militia |
| 8:31 | Build | House |
| 8:39 | Queue | Villager (Male) |
| 8:50 | Age | Feudal Age |
| 9:10 | Research | Man-at-Arms (upgrade) |
| 9:10 | Research | Man-at-Arms (upgrade) |
| 9:15 | Build | Mill |
| 9:18 | Queue | Villager (Male) |
| 9:46 | Build | Farm |
| 9:47 | Build | Farm |
| 9:48 | Build | Farm |
Build order — Scaramanzia
51 actions detected in the replay
| 0:00 | Queue | Villager (Male) |
| 0:00 | Queue | Villager (Male) |
| 0:01 | Queue | Villager (Male) |
| 0:01 | Queue | Villager (Male) |
| 0:02 | Build | House |
| 0:02 | Build | House |
| 1:36 | Queue | Villager (Male) |
| 1:36 | Queue | Villager (Male) |
| 1:50 | Build | Lumber Camp |
| 2:02 | Queue | Villager (Male) |
| 2:02 | Queue | Villager (Male) |
| 2:24 | Queue | Villager (Male) |
| 2:24 | Queue | Villager (Male) |
| 2:24 | Queue | Villager (Male) |
| 3:08 | Queue | Villager (Male) |
| 3:09 | Queue | Villager (Male) |
| 3:23 | Build | House |
| 3:37 | Queue | Villager (Male) |
| 3:37 | Queue | Villager (Male) |
| 3:52 | Build | House |
| 3:56 | Queue | Villager (Male) |
| 3:56 | Queue | Villager (Male) |
| 4:14 | Build | Palisade Wall |
| 4:16 | Build | Palisade Wall |
| 4:33 | Build | House |
| 4:39 | Queue | Villager (Male) |
| 4:53 | Queue | Villager (Male) |
| 4:54 | Queue | Villager (Male) |
| 5:06 | Build | Mill |
| 5:10 | Build | Palisade Wall |
| 5:30 | Build | House |
| 5:43 | Queue | Villager (Male) |
| 6:00 | Build | Palisade Wall |
| 6:06 | Queue | Villager (Male) |
| 6:39 | Build | Palisade Wall |
| 6:40 | Build | Palisade Wall |
| 6:40 | Build | Palisade Wall |
| 7:06 | Research | Feudal Age |
| 7:06 | Research | Feudal Age |
| 7:46 | Build | Lumber Camp |
| 7:55 | Build | House |
| 8:37 | Build | Barracks |
| 8:49 | Queue | Villager (Male) |
| 8:57 | Build | Palisade Wall |
| 8:58 | Build | Palisade Wall |
| 9:16 | Age | Feudal Age |
| 9:32 | Build | Archery Range |
| 9:33 | Build | House |
| 9:37 | Queue | Villager (Male) |
| 9:44 | Build | Mining Camp |
| 9:51 | Build | Palisade Wall |
Match timeline
| 4:14 | Scaramanzia · wall_segment Palisade Wall x3 |
| 4:16 | Scaramanzia · wall_segment Palisade Wall x10 |
| 5:10 | Scaramanzia · wall_segment Palisade Wall x7 |
| 5:36 | Oni.TheViper · first_building Barracks |
| 6:00 | Scaramanzia · wall_segment Palisade Wall x1 |
| 6:39 | Scaramanzia · wall_segment Palisade Wall x1 |
| 6:40 | Scaramanzia · wall_segment Palisade Wall x1 |
| 6:40 | Scaramanzia · wall_segment Palisade Wall x1 |
| 7:27 | Oni.TheViper · wall_segment Palisade Wall x1 |
| 8:37 | Scaramanzia · first_building Barracks |
| 8:50 | Oni.TheViper · age_up feudal |
| 8:57 | Scaramanzia · wall_segment Palisade Wall x1 |
| 8:58 | Scaramanzia · wall_segment Palisade Wall x1 |
| 9:16 | Scaramanzia · age_up feudal |
| 9:32 | Scaramanzia · first_building Archery Range |
| 9:51 | Scaramanzia · wall_segment Palisade Wall x1 |
| 9:55 | Scaramanzia · resign |
[ AI ANALYSIS · 1 CREDIT ]
What really happened in this match?
Wolo.gg analyzes every decision: build order, eco, micro, common mistakes by bracket. Personalized analysis on WhatsApp or Discord in 30 seconds.
Civ guide
Celts
Perfil
TheViper